 Dungeon Sprint DCSS version 0.21-a0-91-ga5031da (webtiles) character file.

119 Kidiri the Insei (level 4, -9/37 HPs)
             Began as a Demonspawn Transmuter on June 28, 2017.
             Was an Initiate of Wu Jian.
             Mangled by an air elemental (14 damage)
             ... in the Dungeon (Sprint V: "Ziggurat Sprint").
             The game lasted 00:01:30 (89 turns).

Kidiri the Insei (Demonspawn Transmuter)              Turns: 89, Time: 00:01:30

Health: -9/37      AC:  2    Str: 16    XL:     4   Next: 74%
Magic:  6/10       EV: 15    Int: 15    God:    Wu Jian [......]
Gold:   0          SH:  0    Dex: 20    Spells: 8/11 levels left

rFire    . . .     SeeInvis .     - Unarmed
rCold    . . .     Gourm    .   (no shield)
rNeg     . . .     Faith    .   b - +0 robe
rPois    .         Spirit   .   (no helmet)
rElec    .         Reflect  .   (no cloak)
rCorr    .         Harm     .   (no gloves)
MR       .....     NoTele   +   (no boots)
Stlth    ++........             (no amulet)
HPRegen  0.12/turn              y - +6 ring of dexterity
MPRegen  0.12/turn              C - +6 ring of strength

@: appendage, very slightly contaminated
A: claws 1, horns 2
a: End Transformation, Renounce Religion


You were in the Dungeon.
You worshipped Wu Jian.
Wu Jian was noncommittal.
You were not hungry.
You had grown temporary horns.
You visited 1 branch

Inventory:

Missiles
 a - 1012 arrows
Armour
 b - a +0 robe (worn)
 I - +5 fire dragon scales
 J - +5 gold dragon scales
Jewellery
 y - a +6 ring of dexterity (left claw)
 z - a +6 ring of dexterity
 A - a +6 ring of intelligence
 B - a +6 ring of intelligence
 C - a +6 ring of strength (right claw)
 D - a +6 ring of strength
Wands
 E - a wand of disintegration (7/24)
 F - a wand of iceblast (3/15)
 G - a wand of lightning (5/15)
 H - a wand of acid (5/15)
Scrolls
 j - 3 scrolls of blinking
 q - 4 scrolls of amnesia
 r - 3 scrolls of recharging
 s - 7 scrolls of fog
 t - 5 scrolls of identify
 u - 5 scrolls of remove curse
 v - 2 scrolls of fear
Potions
 e - 10 potions of curing
 f - 9 potions of heal wounds
 g - 6 potions of haste
 h - 7 potions of magic
 i - 3 potions of berserk rage
 k - 2 potions of brilliance
 l - 2 potions of invisibility
 m - 4 potions of resistance
 o - 5 potions of agility
 p - 5 potions of might
Books
 c - a book of Changes

   Spells                             Type                      Level
   a - Beastly Appendage              Transmutation                1
   b - Sticks to Snakes               Transmutation                2
   c - Spider Form                    Transmutation/Poison         3
   d - Ice Form                       Ice/Transmutation            4
   e - Blade Hands                    Transmutation                5
Comestibles
 d - 5 bread rations
 w - 42 fruits
 x - 4 meat rations


   Skills:
 * Level 4.1 Fighting
 * Level 3.3 Armour
 * Level 3.9 Dodging
 + Level 2.6 Stealth
 * Level 4.4 Unarmed Combat
 * Level 4.1 Spellcasting
 * Level 4.1 Transmutations
 + Level 2.4 Evocations


You had 8 spell levels left.
You knew the following spells:

 Your Spells              Type           Power        Failure   Level  Hunger
a - Beastly Appendage     Tmut           ###...       3%          1    None
b - Sticks to Snakes      Tmut           ###.....     4%          2    ##.....


Dungeon Overview and Level Annotations

Branches:
Dungeon (1/1)

Altars:
Ashenzari
Cheibriados
Dithmenos
Elyvilon
Fedhas
Gozag
Hepliaklqana
Kikubaaqudgha
Makhleb
Nemelex Xobeh
Okawaru
Qazlal
Ru
Sif Muna
Trog
Uskayaw
Vehumet
Wu Jian
Xom
Yredelemnul
Zin
The Shining One
Beogh
Jiyva
Lugonu

Annotations:
D 1 transporter


Innate Abilities, Weirdness & Mutations

You have sharp fingernails.
You have a pair of horns on your head.


Message History

Your Dodging skill increases to level 3!
Your Stealth skill increases to level 2!
Your Unarmed Combat skill increases to level 4!
Your Spellcasting skill increases to level 4!
Your Transmutations skill increases to level 4!
Your Evocations skill increases to level 2!
You have reached level 3!
Your experience leads to an increase in your attributes!
Your base attributes are Str 10, Int 14, Dex 13.
Increase (S)trength, (I)ntelligence, or (D)exterity?
You feel clever.
Your demonic ancestry asserts itself...
Your mutations feel more permanent.
You have reached level 4!
You feel agile.
The iceblast engulfs the air elemental.
The air elemental is almost destroyed.
This wand has 3 charges left.
The air elemental hits you but does no damage.
The air elemental hits you!
You die...

▓▓▓▓▓▓▓
▓.8@8.▓
▓..E..▓
▓.|.|.▓
▓.....▓
▓.....▓
▓..§..▓
▓▓▓▓▓▓▓


You could see an air elemental.

Vanquished Creatures
  An insubstantial wisp (D)
1 creature vanquished.

Vanquished Creatures (others)
  A spatial maelstrom (D)
1 creature vanquished.

Grand Total: 2 creatures vanquished

Notes
Turn   | Place    | Note
-------+----------+-------------------------------------------
     0 | D        | Kidiri the Demonspawn Transmuter began the quest for the Orb.
     0 | D        | Reached XP level 1. HP: 15/15 MP: 3/3
     0 | D        | Found a deep blue altar of Sif Muna.
     0 | D        | Found a sacrificial altar of Ru.
     0 | D        | Found a bloodstained altar of Trog.
     0 | D        | Found a stormy altar of Qazlal.
     0 | D        | Found an iron altar of Okawaru.
     0 | D        | Found a sparkling altar of Nemelex Xobeh.
     0 | D        | Found a blossoming altar of Fedhas.
     2 | D        | Found a transporter.
     2 | D        | Found an ancient bone altar of Kikubaaqudgha.
     2 | D        | Found a viscous altar of Jiyva.
     2 | D        | Found a corrupted altar of Lugonu.
     2 | D        | Found a hazy altar of Hepliaklqana.
     2 | D        | Found a burning altar of Makhleb.
     2 | D        | Found an opulent altar of Gozag.
     4 | D        | Banished a spatial maelstrom
    53 | D        | Became a worshipper of the Wu Jian Council
    60 | D        | Reached skill level 1 in Stealth
    60 | D        | Reached skill level 1 in Evocations
    60 | D        | Gained mutation: You have sharp fingernails. [demonic ancestry]
    60 | D        | Reached XP level 2. HP: 24/24 MP: 4/6
    83 | D        | Learned a level 2 spell: Sticks to Snakes
    84 | D        | Entered arena 2.
    84 | D        | Noticed an insubstantial wisp
    84 | D        | Noticed an air elemental
    84 | D        | Found a transporter.
    89 | D        | Killed an insubstantial wisp
    89 | D        | Mutation became permanent: You have a pair of small horns on your head. [demonic ancestry]
    89 | D        | Gained mutation: You have a pair of horns on your head. [demonic ancestry]
    89 | D        | Reached XP level 3. HP: 4/30 MP: 5/8
    89 | D        | Reached XP level 4. HP: 5/37 MP: 6/10
    89 | D        | Mangled by an air elemental

Vault maps used:
D:        sprint_v

Skill      XL: |  1  2 |
---------------+-------+-----
Fighting       | 3 4 |  4.1
Armour         | 2 3 |  3.3
Dodging        | 2 3 |  3.9
Stealth        | 1 2 |  2.6
Unarmed Combat | 3 4 |  4.4
Spellcasting   | 3 4 |  4.1
Transmutations | 3 4 |  4.1
Evocations     | 1 2 |  2.4

Action                   |  1- 3 |  4- 6 || total
-------------------------+-------+-------++-------
Melee: Unarmed           |     1 |       ||     1
 Cast: Beastly Appendage |     1 |       ||     1
Evoke: Wand              |     1 |     1 ||     2
  Use: Potion            |     2 |       ||     2
       Scroll            |     1 |       ||     1
Armor: Robe              |       |     1 ||     1
Dodge: Dodged            |     5 |       ||     5
